 Dungeon Crawl Stone Soup version 0.26.1-2-gb8aa6d0cf2 (webtiles) character file.

Game seed: 17553378854367595931

81 thatshaggymatt the Shield-Bearer (level 4, -5/40 HPs)
             Began as a Minotaur Fighter on Mar 30, 2021.
             Killed by divine providence
             ... invoked by an orc priest
              (16 damage)
             ... on level 3 of the Dungeon.
             The game lasted 00:08:06 (1301 turns).

thatshaggymatt the Shield-Bearer (Minotaur Fighter) Turns: 1301, Time: 00:08:07

Health: -5/40      AC:  8    Str: 21    XL:     4   Next: 20%
Magic:  3/3        EV:  7    Int:  5    God:
Gold:   127        SH:  9    Dex: 10    Spells: 3/3 levels left

rFire    . . .     SeeInvis .   a - +0 long sword
rCold    . . .     Faith    .   c - +0 kite shield
rNeg     . . .     Spirit   .   b - +1 scale mail
rPois    .         Reflect  .   (helmet restricted)
rElec    .         Harm     .   (no cloak)
rCorr    +         Rampage  .   (no gloves)
Will     .....                  (no boots)
Stlth    ..........             (no amulet)
HPRegen  0.13/turn              f - ring of resist corrosion
MPRegen  0.08/turn              (no ring)

@: no status effects
A: retaliatory headbutt, horns 2
a: no special abilities


You were on level 3 of the Dungeon.
You visited 1 branch of the dungeon, and saw 3 of its levels.

You collected 127 gold pieces.

Inventory:

Hand Weapons
 a - a +0 long sword (weapon)
Armour
 b - a +1 scale mail (worn)
 c - a +0 kite shield (worn)
Jewellery
 f - a ring of resist corrosion (left hand)
Scrolls
 g - 6 scrolls of teleportation
 i - a scroll of amnesia {unknown}
 l - a scroll of fog
 m - a scroll of identify
 n - a scroll of remove curse
Potions
 d - a potion of might
 e - a potion of resistance {unknown}
 h - a potion of haste {unknown}
 j - a potion of lignification {unknown}
 k - a potion of attraction {unknown}


   Skills:
 + Level 4.2 Fighting
 + Level 3.1 Long Blades
 + Level 4.5 Armour
 + Level 0.1 Dodging
 + Level 4.6 Shields


You had 3 spell levels left.
You didn't know any spells.
Your spell library was empty.

Dungeon Overview and Level Annotations

Branches:
Dungeon (3/15)

Altars:
Cheibriados
Xom

Annotations:
D:3 2 transporters, TheGreatAnchovy's ghost, amateur OpBr


Innate Abilities, Weirdness & Mutations

You reflexively headbutt those who attack you in melee.
You have a pair of horns on your head.


Message History

The orc priest casts a cantrip, but nothing happens.
An orc comes into view. It is wielding a +0 mace.
The orc moves out of view.
The orc barely misses you.
You hit the orc but do no damage. The orc hits you with a +0 mace.
The orc priest mumbles some strange prayers to Beogh against you.
Beogh smites you!
* * * LOW HITPOINT WARNING * * *
You hit the orc.
The orc is moderately wounded.
The orc hits you but does no damage.
A goblin comes into view. It is wielding a +0 dagger.
You block the orc's attack.
You barely miss the orc.
The orc is moderately wounded.
The orc priest begins to cast a cantrip, but forgets the words!
You block the orc's attack.
The orc priest mumbles some strange prayers to Beogh against you.
Beogh smites you!
You die...

......>.....# #.# ..........#.#
#.# ..........#.# #.#
........#.#########.# .
...................#
...###...###.##############
.........# #.#<............
##########...###.##############
...........#.#@....#
.......###.#.....#.#
.......#...#.o...#.#
©......#.###o#.#.#.#
#####.g.o..o.....#.#
...8##.#.#.....###.#
...Wr#.#.####### .# ...#n#.#.#
.# ..#..#.#.#


You could see an orc priest and 2 orcs.

Vanquished Creatures
  An adder (D:3)
  An ooze (D:2)
  A worm (D:2)
  4 leopard geckos (D:2)
  4 bats
  6 giant cockroaches
  8 goblins
  6 hobgoblins
  6 jackals
  3 frilled lizards
  5 kobolds
  14 rats
59 creatures vanquished.

Notes
Turn   | Place    | Note
-------+----------+-------------------------------------------
     0 | D:1      | thatshaggymatt the Minotaur Fighter began the quest for the
                  | Orb.
     0 | D:1      | Reached XP level 1. HP: 19/19 MP: 0/0
    38 | D:1      | Reached XP level 2. HP: 25/27 MP: 1/1
   270 | D:1      | Reached XP level 3. HP: 33/33 MP: 2/2
   548 | D:2      | Found a shimmering altar of Xom.
   605 | D:2      | Found a faded altar of an unknown god.
   847 | D:2      | Reached XP level 4. HP: 40/40 MP: 3/3
   886 | D:2      | Found a snail-covered altar of Cheibriados.
  1280 | D:3      | Found a transporter.
  1283 | D:3      | Noticed a necrophage
  1285 | D:3      | Found a transporter.
  1285 | D:3      | Noticed TheGreatAnchovy's ghost (amateur OpBr)
  1301 | D:3      | Killed from afar by an orc priest

Illustrated notes

Levels and vault maps discovered:
D:1:      dpeg_arrival_houses_and_road, layout_rooms, minmay_rat_gold_closets
D:2:      layout_rooms, old_standard_altar, tgw_xom, serial_co_window_serial,
          co_window_of_opportunity_a, co_window_paths_a, co_window_cross_1,
          co_window_of_opportunity_a, co_window_of_opportunity_a,
          co_window_corner_a, co_window_of_opportunity_b, co_window_corner_cb,
          co_window_unsneaky_path_a, co_window_of_opportunity_c,
          co_window_broadway_a, glass_columns_c, glass_columns_a,
          glass_columns_a, glass_columns_c,
          chequers_ecumenical_altar_simple_redux
D:3:      layout_basic, gammafunk_ghost_arena

Skill      XL: |  1  2  3 |
---------------+----------+-----
Fighting       | 4 |  4.2
Armour         | 4 |  4.5
Shields        | 4 |  4.6
Long Blades    | 3 |  3.1
Dodging        | |  0.1

Action                   |  1- 3 |  4- 6 || total
-------------------------+-------+-------++-------
Melee: Long sword        |   111 |    20 ||   131
       Headbutt          |    18 |     2 ||    20
  Use: Scroll            |     6 |       ||     6
Armor: Scale mail        |    35 |     5 ||    40
Dodge: Dodged            |    26 |    11 ||    37
Block: Kite shield       |    79 |    12 ||    91
       Rpst.: Long sword |     4 |     2 ||     6
